 Dungeon Crawl Stone Soup version 0.24.0-13-gcf9b3192b9 (webtiles) character file.

Game seed: 4274279101664643623, levelgen mode: deterministic

27 Katsumi the Changer (level 2, 0/12 HPs)
             Began as a Felid Transmuter on Nov 10, 2019.
             Slain by an adder (3 damage)
             ... on level 2 of the Dungeon.
             The game lasted 00:01:22 (1779 turns).

Katsumi the Changer (Felid Transmuter)              Turns: 1779, Time: 00:01:22

Health: 0/12       AC:  1    Str:  6    XL:     2   Next: 93%
Magic:  4/6        EV: 18    Int: 14    God:
Gold:   21         SH:  0    Dex: 16    Spells: 2/5 levels left
                                        Lives:  0   Deaths: 0

rFire    . . .     SeeInvis +     - Unarmed
rCold    . . .     Gourm    .   (shield unavailable)
rNeg     . . .     Faith    .   (armour unavailable)
rPois    .         Spirit   .   (helmet unavailable)
rElec    .         Reflect  .   (cloak unavailable)
rCorr    .         Harm     .   (gloves unavailable)
MR       .....                  (boots unavailable)
Stlth    ++........             (no amulet)
HPRegen  0.04/turn              (no ring)
MPRegen  0.10/turn              (no ring)

@: lethally poisoned (0 -> -5), appendage, quick
A: very small, no armour, no weapons or thrown items, stealth, claws 1, fangs 3,
horns 2, see invisible, carnivore, speed 1, shaggy fur 1, slow metabolism 1,
sharp paws
a: End Transformation


You were on level 2 of the Dungeon.
You were completely stuffed.
You had grown temporary horns.
You visited 1 branch of the dungeon, and saw 2 of its levels.

You collected 21 gold pieces.

Inventory:

Missiles
 a - 11 arrows
Scrolls
 d - 2 scrolls of fog {unknown}
 e - a scroll of blinking {unknown}
 f - a scroll of remove curse {unknown}
 g - a scroll of teleportation {unknown}
 i - a scroll of identify {unknown}
Potions
 b - a potion of berserk rage {unknown}
Comestibles
 c - 3 rations


   Skills:
 - Level 1.0 Fighting
 - Level 2.6 Dodging
 - Level 3.0 Unarmed Combat
 - Level 2.0 Spellcasting
 + Level 3.8 Transmutations


You had 2 spell levels left.
You knew the following spells:

 Your Spells              Type           Power        Failure   Level  Hunger
a - Beastly Appendage     Tmut           ##....       4%          1    ##.....
b - Sticks to Snakes      Tmut           ##......     8%          2    ###....

Your spell library contained the following spells:

 Spells                   Type           Power        Failure   Level  Hunger
 Spider Form              Tmut/Pois      #.........   32%         3    ####...
 Ice Form                 Ice/Tmut       #.......     71%         4    #####..
 Blade Hands              Tmut           ##........   80%         5    ######.


Dungeon Overview and Level Annotations

Branches:
Dungeon (2/15)

Altars:
Trog


Innate Abilities, Weirdness & Mutations

You cannot wear armour.
You are incapable of wielding weapons or throwing items.
Your paws allow you to move quietly. (Stealth)
You have sharp claws.
You have razor-sharp teeth.
You have supernaturally acute eyesight. (SInv)
You are carnivorous and can eat meat at any time.
You cover ground quickly.
You are covered in fur. (AC +1)
You have a slow metabolism.
Your sharp claws are effective at attacking unaware monsters.
You have a pair of horns on your head.


Message History

The adder poisons you! The frilled lizard barely misses you.
You miss the adder.
You feel sick. The adder closely misses you. The frilled lizard bites you.
You barely miss the adder. The adder misses you.
The frilled lizard bites you but does no damage.
The adder misses you.
You closely miss the adder. The adder bites you. The frilled lizard misses you.
You are too injured to fight recklessly!
You are too injured to fight recklessly!
You are too injured to fight recklessly!
You are too injured to fight recklessly!
Unknown command.
You are too injured to fight recklessly!
Unknown command.
Casting: Beastly Appendage (safe; 4% risk of failure)
Confirm with . or Enter, or press ? or * to list all spells.
You create a snake!
You now have 11 arrows.
* * * LOW HITPOINT WARNING * * *
You feel sick. The adder bites you.
You die...

.#..##..
#.......
#..>...#
#......#
#......#
#......# # #.#
#....Sl# .#
#.#
#.....@###.#
#.#
#.....S+...#
#.# #........#
#.#
#...####.####
#.# #... #
#....###.###
#..
#...##.##....#
##
#....#.##.####
...._......#
##.#....##.##


You could see an adder, a frilled lizard and a friendly ball python.

Vanquished Creatures
  A leopard gecko (D:1)
  A bat (D:1)
  3 giant cockroaches
  5 goblins (D:1)
  5 hobgoblins (D:1)
  3 kobolds (D:1)
  2 frilled lizards (D:1)
  3 rats (D:1)
23 creatures vanquished.

Notes
Turn   | Place    | Note
-------+----------+-------------------------------------------
     0 | D:1      | Katsumi the Felid Transmuter began the quest for the Orb.
     0 | D:1      | Reached XP level 1. HP: 9/9 MP: 4/4
   213 | D:1      | Reached XP level 2. HP: 12/12 MP: 4/6
   217 | D:1      | Learned a level 2 spell: Sticks to Snakes
  1748 | D:2      | Found a bloodstained altar of Trog.
  1779 | D:2      | Slain by an adder

Levels and vault maps discovered:
D:1:      dpeg_chamrin_arrival_tetris, layout_basic
D:2:      layout_basic, nicolae_overflow_crystal_walls

Skill      XL: |  1 |
---------------+----+-----
Transmutations | 3 |  3.8
Fighting       | |  1.0
Dodging        | |  2.6
Unarmed Combat | |  3.0
Spellcasting   | |  2.0

Action                   || total
-------------------------++-------
Melee: Unarmed           ||    73
       Headbutt          ||     4
       Bite              ||     3
 Cast: Beastly Appendage ||    19
       Sticks to Snakes  ||     1
 Stab: Sleeping          ||     4
  Eat: Chunk             ||     9
Armor: Skin              ||     3
Dodge: Dodged            ||    61
